 Dungeon Crawl Stone Soup version 0.21-a0-538-gd16b88a (webtiles) character file.

661 Gildeon the Cleaver (level 7, -5/57 HPs)
             Began as a Minotaur Fighter on Dec 15, 2017.
             Killed by divine providence
             ... invoked by an orc priest
              (12 damage)
             ... on level 5 of the Dungeon.
             The game lasted 00:23:07 (4064 turns).

Gildeon the Cleaver (Minotaur Fighter)              Turns: 4064, Time: 00:23:08

Health: -5/57      AC:  9    Str: 20    XL:     7   Next: 30%
Magic:  6/6        EV:  9    Int:  6    God:
Gold:   240        SH:  0    Dex: 11    Spells: 6/6 levels left

rFire    . . .     SeeInvis .   a - +0 war axe
rCold    . . .     Gourm    .   (no shield)
rNeg     . . .     Faith    .   b - +0 scale mail
rPois    .         Spirit   .   (helmet restricted)
rElec    .         Reflect  .   i - +0 cloak
rCorr    .         Harm     .   q - +0 pair of gloves
MR       .....                  (no boots)
Stlth    ..........             (no amulet)
HPRegen  0.19/turn              (no ring)
MPRegen  0.10/turn              (no ring)

@: lethally poisoned (-5 -> -5)
A: retaliatory headbutt, horns 2
a: no special abilities


You were on level 5 of the Dungeon.
You were not hungry.

You visited 1 branch of the dungeon, and saw 5 of its levels.

You collected 240 gold pieces.

Inventory:

Hand Weapons
 a - a +0 war axe (weapon)
Missiles
 s - 15 arrows
 u - 48 bolts
Armour
 b - a +0 scale mail (worn)
 g - a +3 leather armour of cold resistance
 i - a +0 cloak (worn)
 k - a +0 ring mail of fire resistance
 q - a +0 pair of gloves (worn)
 v - a +0 chain mail
Wands
 c - a wand of iceblast (6)
Scrolls
 j - 4 scrolls of teleportation
 l - 4 scrolls of remove curse
 n - a scroll of enchant armour {unknown}
Potions
 d - a potion of curing {unknown}
 m - a potion of flight
 r - a potion of magic {unknown}
Comestibles
 f - 2 bread rations
 h - 2 meat rations
 p - 3 fruits
 t - 7 chunks of flesh
 w - a royal jelly


   Skills:
 - Level 3.6 Fighting
 + Level 9.8 Axes
 - Level 3.6 Armour
   Level 3.6 Shields


You had 6 spell levels left.
You didn't know any spells.

Dungeon Overview and Level Annotations

Branches:
Dungeon (5/15)
 Temple: D:4-7

Altars:
Gozag
Okawaru
Vehumet
Wu Jian
Zin


Innate Abilities, Weirdness & Mutations

You reflexively headbutt those who attack you in melee.
You have a pair of horns on your head.


Message History

The orc priest is heavily wounded.
The orc priest is no longer unusually agile.
The orc priest hits you with a hand axe.
You barely miss the orc priest.
The orc priest is heavily wounded.
The orc priest hits you but does no damage.
You closely miss the orc priest.
The orc priest is heavily wounded.
The orc priest hits you with a hand axe.
A centaur comes into view.
The centaur shouts!
You hit the orc priest.
The orc priest is heavily wounded.
You feel sick.
The orc priest calls down the wrath of Beogh upon you.
Beogh smites you!
* * * LOW HITPOINT WARNING * * *
The orc priest calls down the wrath of Beogh upon you.
Beogh smites you!
You die...

#..........# #
######
#.........## .#
#..........##.#
.#c#.#.#.#..
.#.#.#.#.#.###
.#.#.#)#.#.#..#
.#.#.#.#o#.#...#
...#.#.#.#o#.#..#
..#.#.#.#.#@#..#
....#.#.#.#.#.##
##.#.#.#.#.#.#.#
#..#.#.#.#.#.##
.#.#.#.#.#.#..
.#.#.#.#.#.#.#
#.#.#.#.#.#..#
#.....#.....#
#..##.##......


You could see a centaur and 2 orc priests.

Vanquished Creatures
  Blork the orc (D:5)
  A howler monkey (D:5)
  2 hounds (D:5)
  5 orc wizards
  A bullfrog skeleton (D:5)
  An iguana (D:4)
  2 worker ants
  2 howler monkey skeletons
  3 gnolls (D:2)
  8 adders
  2 oozes
  2 adder skeletons
  A dart slug (D:5)
  5 leopard geckos
  23 orcs
  5 bats
  5 giant cockroaches
  13 goblins
  3 hobgoblins
  7 jackals
  6 kobolds
  2 quokkas
  A ball python (D:1)
  2 frilled lizards
  A quokka skeleton (D:5)
  8 rats
112 creatures vanquished.

Notes
Turn   | Place    | Note
-------+----------+-------------------------------------------
     0 | D:1      | Gildeon the Minotaur Fighter began the quest for the Orb.
     0 | D:1      | Reached XP level 1. HP: 19/19 MP: 0/0
    51 | D:1      | Reached skill level 3 in Axes
    93 | D:1      | Reached XP level 2. HP: 25/26 MP: 1/1
   176 | D:1      | Reached skill level 4 in Axes
   516 | D:1      | Reached XP level 3. HP: 31/31 MP: 2/2
  1072 | D:2      | Reached skill level 5 in Axes
  1320 | D:2      | Reached XP level 4. HP: 36/39 MP: 3/3
  1705 | D:2      | Reached skill level 6 in Axes
  1950 | D:3      | Reached XP level 5. HP: 45/45 MP: 4/4
  2263 | D:3      | Found a glowing silver altar of Zin.
  2296 | D:3      | Reached skill level 7 in Axes
  2774 | D:4      | Reached XP level 6. HP: 39/51 MP: 5/5
  2980 | D:4      | Found an opulent altar of Gozag.
  3306 | D:5      | Entered Level 5 of the Dungeon
  3336 | D:5      | Found a radiant altar of Vehumet.
  3339 | D:5      | Reached skill level 8 in Axes
  3615 | D:5      | Found an ornate altar of the Wu Jian Council.
  3716 | D:5      | Reached skill level 9 in Axes
  3814 | D:5      | Noticed Blork the orc
  3822 | D:5      | Killed Blork the orc
  3822 | D:5      | Reached XP level 7. HP: 57/57 MP: 6/6
  3855 | D:5      | Found an iron altar of Okawaru.
  4064 | D:5      | Killed from afar by an orc priest

Vault maps used:
D:1:      dpeg_arrival_windows_large_door, minmay_vboxes
D:3:      overflow_temple_1_default, first_bread, serial_co_window_serial,
          co_window_of_opportunity_a, co_window_paths_a, co_window_paths_b,
          co_window_paths_a, co_window_paths_a, co_window_paths_a,
          co_window_corner_a, co_window_2corner, co_window_corner_b,
          co_window_corner_b, co_window_corner_b, co_window_corner_cb,
          co_window_broadway_c, co_window_2corner, co_window_paths_e
D:4:      marbit_many_paths, st_stairs_14, kennysheep_crisscross
D:5:      kennysheep_mini, lemuel_doored_altar, vehumet_statue, basic_altar,
          minivault_23, uniq_blork_the_orc

Skill      XL: |  1  2  3  4  5  6 |
---------------+-------------------+-----
Axes           | 3 4 5 6 7 9 |  9.8
Fighting       | |  3.6
Armour         | |  3.6
Shields        | |  3.6

Action                   |  1- 3 |  4- 6 |  7- 9 || total
-------------------------+-------+-------+-------++-------
Melee: War axe           |    77 |   150 |    52 ||   279
       Headbutt          |    16 |    28 |     8 ||    52
  Use: Scroll            |     7 |     4 |       ||    11
       Potion            |       |     3 |     1 ||     4
  Eat: Chunk             |     1 |     4 |     1 ||     6
       Bread ration      |       |     1 |       ||     1
Armor: Scale mail        |    34 |    72 |    26 ||   132
Dodge: Dodged            |    28 |    75 |    14 ||   117

Table legend:
 A = Spawn XP
 B = Non-spawn XP
 C = Spawn XP percentage of total XP
 D = Spawn monster count
 E = Non-spawn monster count
 F = Spawn count percentage of total count
 G = Total turns spent on level
                    A         B        C        D         E        F      G
               +---------+---------+-------+---------+---------+-------+---------
         Total |       0 |     945 |   0.0 |       0 |     112 |   0.0 |  4064
               +---------+---------+-------+---------+---------+-------+---------
           D:1 |       0 |      46 |   0.0 |       0 |      26 |   0.0 |   928
           D:2 |       0 |     132 |   0.0 |       0 |      26 |   0.0 |   914
           D:3 |       0 |     152 |   0.0 |       0 |      21 |   0.0 |   783
           D:4 |       0 |      95 |   0.0 |       0 |       6 |   0.0 |   681
           D:5 |       0 |     520 |   0.0 |       0 |      33 |   0.0 |   758
               +---------+---------+-------+---------+---------+-------+---------
